Map: Kompleks Wolfe Industries

Players

Retsech - Winner!

  • Race: Terran Terran
  • Spawn Location: 12:00

Gracz - Winner!

  • Race: Terran Terran
  • Spawn Location: 3:00

SI 2 (Średnio trudna)

  • Race: Terran Terran
  • Spawn Location: 7:00

SI 3 (Średnio trudna)

  • Race: Zerg Zerg
  • Spawn Location: 7:00

VOD

Have the link to the VOD?

Description

Time

  • Played on: Feb. 19, 2016, 3:04 p.m.
  • Length: 45:03
Show
View Real Time Build Order
Export as new Build Order

Retsech Terran - Winner!

Build Orders:  

Get SALT Encoding   

  12  0:05  SCV  
  13  0:17  SCV  
  13  0:20  Supply Depot  
  14  0:29  SCV  
  15  0:42  SCV  
  16  0:51  Refinery  
  16  0:53  Refinery  
  16  0:54  SCV  
  17  1:00  Barracks  
  17  1:08  Supply Depot  
  17  1:22  SCV  
  17  1:25  Barracks  
  18  1:34  SCV  
  19  1:46  SCV  
  20  1:55  Reaper  
  20  1:59  SCV  
  22  2:13  Barracks Reactor  
  22  2:16  Orbital Command  
  23  2:45  SCV  
  23  2:50  Command Center  
  24  2:53  Reaper x2  
  24  2:57  SCV  
  26  3:07  Barracks Reactor  
  26  3:25  Reaper x2  
  28  3:41  Supply Depot  
  28  3:42  Supply Depot  
  28  3:44  Supply Depot  
  28  3:46  Reaper  
  29  3:57  Reaper x3  
  32  4:06  Orbital Command  
  32  4:18  Reaper  
  33  4:29  Reaper x3  
  36  4:32  Engineering Bay, SCV  
  36  4:37  Refinery  
  37  4:44  SCV  
  38  4:46  Supply Depot  
  38  4:51  Reaper  
  39  4:54  SCV  
  39  4:57  SCV  
  41  5:01  Reaper x3  
  44  5:09  SCV  
  45  5:21  SCV  
  46  5:23  Reaper  
  47  5:33  SCV, Reaper x3  
  51  5:38  SCV  
  52  5:45  SCV  
  53  5:50  SCV  
  53  5:55  Reaper  
  53  5:56  Refinery  
  55  5:57  SCV  
  55  6:02  SCV  
  57  6:05  Reaper x3  
  57  6:09  SCV  
  61  6:15  SCV  
  62  6:21  SCV  
  62  6:23  Terran Infantry Weapons Level 1  
  63  6:27  SCV, Reaper  
  65  6:37  Reaper x2  
  65  6:39  SCV  
  68  6:42  Reaper  
  69  6:59  Reaper  
  69  7:09  Reaper x2  
  67  7:17  Reaper  
  68  7:31  Reaper  
  69  7:41  Reaper x2  
  71  7:49  Reaper  
  70  8:14  Reaper  
  70  8:17  Terran Infantry Armor Level 1  
  71  8:25  Reaper  
  70  8:35  Reaper  
  51  11:02  Factory  
  51  11:07  Factory  
  51  11:11  Supply Depot  
  51  11:12  Supply Depot  
  51  11:13  Supply Depot  
  51  11:16  Supply Depot  
  51  11:34  Supply Depot  
  51  11:36  Supply Depot  
  51  11:52  Starport x2  
  51  11:53  Factory Tech Lab  
  51  11:54  Factory Tech Lab  
  51  12:30  Starport, Fusion Core  
  51  12:34  Starport Tech Lab  
  51  12:35  Starport Tech Lab  
  51  13:06  Starport Tech Lab  
  51  13:27  Behemoth Reactor  
  51  13:29  Battlecruiser x2  
  51  13:30  Battlecruiser  
  69  14:24  Weapon Refit  
  69  14:33  Battlecruiser  
  69  14:34  Battlecruiser x2  
  87  15:38  Battlecruiser x3  
  105  16:42  Battlecruiser x2  
  105  16:43  Battlecruiser  
  123  17:46  Battlecruiser x2  
  123  17:47  Battlecruiser  
  147  20:46  Battlecruiser  
  40  40:23  Orbital Command  
  40  41:26  Orbital Command  
  40  41:42  Marine x4  
  44  42:00  Marine x4  
  48  42:18  Marine x4  
  52  42:36  Marine x4  
  56  42:54  Marine x4  
  60  43:11  Marine x4  
  64  43:29  Marine x4  
  68  43:47  Marine x4  
  71  44:05  Marine  
Show
View Real Time Build Order
Export as new Build Order

Gracz Terran - Winner!

Build Orders:  

Get SALT Encoding   

  12  0:01  SCV  
  13  0:13  SCV  
  14  0:25  Supply Depot  
  14  0:46  Supply Depot  
  14  0:51  Barracks  
  14  0:57  Refinery  
  14  1:13  SCV  
  14  1:14  Refinery  
  15  1:25  SCV  
  16  1:37  SCV  
  17  1:47  Barracks Reactor  
  17  1:49  SCV  
  18  1:59  Barracks  
  19  2:01  SCV  
  19  2:13  SCV  
  20  2:45  Reaper x2  
  22  2:56  Supply Depot  
  22  3:02  Orbital Command  
  22  3:05  Barracks Reactor  
  22  3:06  Supply Depot  
  22  3:13  Supply Depot  
  22  3:17  Reaper x2  
  24  3:25  Supply Depot  
  24  3:36  Supply Depot  
  24  3:39  Supply Depot  
  24  3:48  Reaper x2  
  26  3:57  Supply Depot  
  26  4:00  Supply Depot  
  26  4:20  Reaper x2  
  28  4:46  Barracks  
  28  5:26  Factory  
  28  5:27  Reaper x2  
  28  5:28  Reaper x2  
  32  5:39  Barracks Tech Lab  
  32  5:41  Factory  
  25  6:27  Reaper x3  
  25  6:28  Reaper  
  29  6:34  Factory Tech Lab  
  29  6:35  Factory Reactor, Supply Depot  
  29  6:59  Reaper x2  
  29  7:00  Reaper x2  
  33  7:05  Starport  
  33  7:21  Hellion x2  
  37  7:48  Armory  
  37  8:03  Starport Tech Lab  
  37  8:05  Starport  
  37  8:18  Starport  
  37  8:53  Starport  
  37  9:10  Starport, Starport Tech Lab  
  37  9:11  Starport Tech Lab  
  37  9:28  Fusion Core  
  37  9:45  Refinery  
  37  9:54  Refinery  
  37  10:00  SCV  
  37  10:03  Refinery  
  38  10:08  Refinery  
  38  10:12  SCV  
  39  10:24  SCV  
  40  10:29  Starport Tech Lab, Starport  
  40  10:36  SCV  
  41  10:48  SCV  
  42  11:00  SCV  
  43  11:10  Starport Tech Lab  
  43  11:15  Battlecruiser  
  43  11:16  Battlecruiser  
  55  11:30  Weapon Refit  
  55  12:39  Supply Depot  
  55  12:56  Starport Tech Lab  
  55  13:09  Supply Depot  
  55  13:36  Supply Depot  
  55  13:37  Battlecruiser  
  30  14:40  Viking  
  30  14:41  Viking  
  30  14:42  Viking  
  35  15:35  Starport  
  35  16:20  Battlecruiser  
  35  17:08  Viking  
  35  17:09  Viking  
  35  17:10  Supply Depot  
  39  17:38  Command Center  
  10  21:27  Refinery  
  10  22:34  SCV  
  11  22:43  Starport  
  11  22:46  SCV  
  12  23:48  Starport  
  12  23:50  Starport Tech Lab  
  12  23:51  Starport Tech Lab  
  12  23:56  Orbital Command  
  12  24:12  Starport Tech Lab  
  12  24:45  Starport Reactor  
  12  25:03  Starport  
  12  25:19  Refinery  
  12  25:47  Starport Tech Lab  
  12  25:50  Starport  
  13  25:59  SCV  
  14  26:11  SCV  
  15  26:17  SCV  
  15  26:23  SCV  
  16  26:29  Starport Tech Lab, SCV  
  17  26:33  Starport  
  17  26:41  SCV  
  18  27:15  Fusion Core  
  18  27:17  Starport  
  18  27:19  Starport Tech Lab  
  18  27:47  Reaper  
  18  27:49  Marine x2  
  18  27:50  Marine x2  
  23  28:06  Marine, SCV  
  23  28:07  Marine  
  23  28:08  Marine x2  
  28  28:15  Refinery  
  28  28:18  SCV  
  28  28:19  Reaper  
  30  28:24  Marine x2  
  30  28:26  Marine x2  
  35  28:39  Refinery  
  35  28:42  Marine x2  
  35  28:44  Marine x2  
  39  28:51  SCV, Reaper  
  40  29:05  SCV  
  41  29:14  Supply Depot  
  41  29:17  SCV  
  41  29:23  Reaper  
  49  29:24  Battlecruiser  
  49  29:25  Starport Tech Lab  
  55  29:43  Battlecruiser  
  55  29:55  Reaper  
  55  29:59  Supply Depot  
  56  30:09  Marine x2  
  56  30:10  Marine x2  
  60  30:17  Battlecruiser  
  60  30:20  SCV  
  67  30:27  Marine x2  
  67  30:28  Marine x2  
  70  30:29  Supply Depot  
  70  30:32  SCV  
  72  30:50  Battlecruiser  
  72  30:53  Supply Depot  
  78  31:11  Battlecruiser  
  84  31:34  Battlecruiser  
  96  32:01  Battlecruiser  
  67  33:14  Battlecruiser  
  67  33:15  Battlecruiser  
  67  35:00  Battlecruiser  
  73  37:17  Battlecruiser  
  73  37:18  Battlecruiser  
  73  37:19  Battlecruiser  
  73  37:20  Battlecruiser  
  97  37:35  Battlecruiser x2  
  85  38:30  Battlecruiser  
  85  39:06  Battlecruiser  
  85  40:03  Battlecruiser  
  79  41:28  Battlecruiser  
  79  41:29  Viking  
  87  42:20  Command Center  
  87  43:13  Refinery  
  87  43:18  Refinery  
  87  44:26  Orbital Command  
Show
View Real Time Build Order
Export as new Build Order

SI 2 (Średnio trudna) Terran 

Build Orders:  

Get SALT Encoding   

  12  0:01  SCV  
  13  0:13  SCV  
  14  0:20  Supply Depot  
  14  0:25  SCV  
  15  0:41  SCV  
  16  0:44  Barracks  
  16  0:49  Refinery  
  16  0:53  SCV  
  17  1:05  SCV  
  18  1:18  Supply Depot  
  18  1:32  Marine, Orbital Command  
  19  1:36  Barracks  
  19  1:42  Refinery  
  19  1:51  Barracks Tech Lab  
  19  2:08  Marine  
  19  2:14  Supply Depot  
  20  2:23  Marine  
  21  2:37  Marine  
  22  2:45  Supply Depot  
  22  2:51  Marine  
  22  2:56  SCV  
  24  3:06  Marine  
  24  3:08  SCV  
  24  3:10  Engineering Bay  
  26  3:20  Marine, SCV  
  28  3:33  SCV  
  29  3:35  Marauder  
  31  3:45  SCV  
  31  3:48  Marine, Supply Depot  
  33  3:57  SCV  
  34  4:03  Marauder  
  36  4:17  Marine  
  37  4:32  Marauder  
  39  4:53  Marauder  
  41  6:57  Barracks Tech Lab  
  41  6:59  Factory  
  41  7:02  Factory  
  41  7:04  Missile Turret  
  41  7:05  Missile Turret  
  41  7:08  Marine, Sensor Tower  
  40  7:11  Supply Depot  
  40  7:14  Barracks  
  24  7:20  Marine  
  24  7:21  Command Center  
  25  7:25  Bunker  
  25  7:34  Marine  
  25  7:46  Marine, Starport, Factory Tech Lab  
  25  7:47  Factory Tech Lab  
  25  7:51  Armory  
  24  7:58  SCV  
  21  7:59  Marine  
  9  8:06  Barracks Reactor  
  9  8:07  Hellion  
  9  8:10  SCV  
  10  8:14  Hellion  
  10  8:15  Missile Turret  
  10  8:29  Missile Turret  
  10  8:30  Hellion  
  10  8:34  SCV  
  9  8:38  Starport  
  7  8:46  SCV  
  6  8:58  SCV  
  6  9:08  Marine  
  6  9:10  SCV  
  6  9:14  Starport Tech Lab  
  7  9:21  Marine  
  7  9:22  SCV  
  7  9:32  Raven  
  7  9:34  Marine  
  7  9:35  Orbital Command  
  9  9:46  Refinery  
  9  9:47  Factory Tech Lab  
  9  9:49  Marine  
  10  9:53  Refinery  
  10  9:56  Marine  
  10  10:01  SCV  
  10  10:04  Hellion  
  13  10:13  SCV  
  14  10:15  Viking  
  16  10:25  SCV  
  17  10:37  Marine, SCV, Factory Tech Lab  
  19  10:51  Marine, SCV  
  21  11:14  Factory  
  21  11:19  Command Center  
  21  11:29  Barracks  
  21  11:50  SCV  
  21  12:02  SCV  
  22  12:14  SCV  
  23  12:16  Barracks Tech Lab  
  23  12:21  Supply Depot  
  23  12:26  SCV  
  16  12:31  SCV  
  16  12:34  Marine  
  18  12:38  SCV  
  18  12:43  SCV  
  20  12:50  SCV  
  21  12:51  Marine  
  21  12:52  Marauder  
  21  12:55  SCV  
  25  13:02  SCV  
  26  13:09  SCV  
  27  13:15  SCV  
  28  13:22  SCV  
  28  13:27  SCV  
  30  13:34  Starport  
  30  13:41  Raven  
  30  13:43  Marine  
  33  14:03  Command Center  
  33  14:08  Marine  
  34  14:11  Starport Tech Lab  
  34  14:14  Marine  
  35  14:24  Medivac  
  35  14:27  Marauder  
  35  14:29  Medivac  
  41  14:42  Engineering Bay  
  41  14:49  Marine  
  42  14:54  Marine, Raven  
  42  14:59  Marine  
  46  15:06  Marine  
  47  15:10  Missile Turret  
  47  15:11  Marine  
  47  15:12  Supply Depot  
  48  15:24  Siege Tank  
  48  15:25  Marauder  
  53  15:33  Siege Tank  
  56  15:37  SCV  
  56  15:40  SCV  
  55  15:57  Hellion  
  55  16:05  Marine, Siege Tank  
  55  16:10  Marine  
  56  16:15  Medivac  
  56  16:16  Marine  
  51  16:19  Raven  
  51  16:21  Siege Tank  
  54  16:33  Marine  
  54  16:38  Marine  
  56  16:43  Marine  
  56  16:45  Raven  
  59  16:51  Marine  
  60  16:56  Marine  
  60  16:59  Refinery  
  60  17:01  Marine  
  62  17:02  Medivac  
  62  17:04  Hellion  
  66  17:09  Siege Tank  
  66  17:13  Supply Depot  
  69  17:22  SCV  
  70  17:25  SCV, Siege Tank  
  74  17:32  Refinery  
  74  17:33  Refinery  
  74  17:44  Siege Tank  
  74  17:47  Supply Depot  
  77  17:54  SCV  
  77  17:57  SCV  
  79  18:00  SCV  
  79  18:01  Siege Tank  
  83  18:06  SCV  
  83  18:09  SCV  
  83  18:12  Supply Depot  
  85  18:24  Armory  
  85  18:32  SCV  
  86  18:35  SCV  
  87  18:41  Supply Depot  
  87  18:43  SCV  
  87  18:46  SCV  
  89  18:49  SCV  
  89  18:55  SCV, Stimpack  
  91  18:58  SCV  
  91  19:01  SCV  
  93  19:07  Supply Depot  
  93  19:10  SCV  
  93  19:11  SCV  
  93  19:13  Thor  
  93  19:14  SCV  
  102  19:22  SCV, Terran Infantry Weapons Level 1  
  103  19:24  SCV  
  103  19:27  SCV  
  105  19:34  SCV  
  105  19:35  Supply Depot  
  105  19:37  SCV  
  107  19:40  SCV  
  108  19:46  SCV  
  108  19:52  SCV  
  110  19:55  SCV  
  110  19:59  SCV  
  106  20:00  Marine  
  106  20:02  Raven  
  106  20:05  Marine  
  85  20:08  Raven  
  85  20:10  Marine  
  67  20:18  Marine  
  67  20:21  Siege Tank  
  71  20:25  Marine  
  71  20:26  Refinery  
  72  20:30  Marine  
  73  20:36  Hellion  
  75  20:43  Marine  
  75  20:45  Medivac  
  75  20:48  Marine  
  79  20:51  Medivac  
  79  20:53  Marine  
  82  21:01  Marine  
  82  21:03  Command Center  
  83  21:06  Marine  
  83  21:11  Marine  
  84  21:14  Hellion, Raven  
  84  21:15  Combat Shields  
  84  21:16  Terran Infantry Armor Level 1  
  89  21:18  Siege Tank  
  92  21:35  Siege Tank  
  95  21:51  Siege Tank  
  98  21:55  Bunker  
  98  21:56  Viking  
  98  21:57  Missile Turret  
  98  21:59  SCV  
  94  22:01  Marine  
  94  22:02  SCV  
  94  22:05  SCV  
  94  22:07  Siege Tank  
  94  22:09  Raven  
  94  22:11  SCV  
  94  22:12  Marine  
  81  22:22  Marine x2  
  79  22:26  Raven  
  79  22:29  Refinery, Siege Tank  
  74  22:39  Siege Tank  
  74  22:40  Marine  
  74  22:43  Barracks Tech Lab  
  54  22:52  Viking  
  50  23:01  Siege Tank  
  50  23:02  Marine  
  46  23:09  Raven  
  51  23:13  Command Center  
  49  23:25  Refinery  
  46  23:28  Supply Depot  
  47  23:35  Refinery  
  47  23:37  Barracks  
  44  23:47  SCV  
  43  23:50  SCV  
  41  23:58  Supply Depot  
  41  23:59  SCV  
  39  24:25  Marine  
  39  24:29  Supply Depot  
  39  24:39  Command Center  
  39  24:43  Marine  
  40  24:45  Factory  
  40  24:49  Barracks  
  40  25:01  Marine, Supply Depot  
  40  25:05  Engineering Bay  
  41  25:20  Barracks Tech Lab  
  41  25:35  Marine, Refinery  
  41  25:37  Supply Depot  
  41  25:38  Marine  
  41  25:40  Factory  
  43  25:44  Missile Turret, Factory Tech Lab  
  43  25:50  Starport  
  43  25:53  Marine  
  46  25:57  Marauder  
  46  26:07  Command Center  
  46  26:11  Barracks Tech Lab  
  46  26:18  Marine  
  47  26:25  Factory Tech Lab  
  47  26:26  Starport Tech Lab  
  47  26:29  Marine  
  48  26:35  Marine, Starport  
  49  26:44  Medivac  
  49  26:46  Ghost Academy  
  51  26:47  Marine  
  51  26:53  Marine  
  53  26:57  SCV  
  53  27:00  SCV  
  55  27:03  SCV  
  55  27:05  Marine, SCV  
  58  27:09  SCV  
  58  27:11  Marine  
  58  27:12  Starport Tech Lab, SCV  
  58  27:14  Medivac  
  58  27:15  SCV  
  64  27:17  Supply Depot  
  64  27:21  SCV  
  64  27:22  Marine, SCV  
  66  27:25  SCV  
  66  27:28  Ghost, SCV  
  71  27:31  SCV, Raven  
  71  27:34  SCV  
  71  27:36  SCV  
  76  27:40  Marine, SCV  
  76  27:43  SCV  
  76  27:44  Raven  
  81  27:46  SCV  
  81  27:49  SCV  
  83  27:52  SCV  
  83  27:57  Marine, Armory  
  85  27:59  Marauder  
  87  28:14  Raven  
  87  28:15  Marine  
  87  28:19  Marine  
  91  28:33  Ghost  
  91  28:34  Missile Turret  
  93  28:38  Marauder  
  95  28:41  Concussive Shells  
  95  28:47  Missile Turret, Terran Vehicle Weapons Level 1  
  93  28:49  Viking  
  93  28:52  Bunker  
  93  28:54  Missile Turret  
  95  28:57  Missile Turret  
  95  28:58  SCV  
  95  28:59  Missile Turret, Marauder  
  95  29:02  Missile Turret, SCV, Marauder  
  100  29:04  Viking  
  100  29:05  Missile Turret, SCV  
  103  29:16  Missile Turret  
  96  29:24  Bunker  
  83  29:31  Marauder  
  83  29:35  Raven  
  83  29:36  Bunker, Marine  
  75  29:39  Viking  
  75  29:44  Barracks  
  60  29:46  Hellion  
  60  29:51  Factory  
  56  29:54  Marine  
  53  30:03  Supply Depot, Orbital Command  
  53  30:06  Supply Depot  
  50  30:25  Hellion  
  50  30:28  Viking  
  56  30:30  Supply Depot  
  56  30:33  Marine  
  56  30:35  Barracks, Factory Tech Lab  
  48  30:50  Marine  
  48  30:52  Factory  
  48  30:56  Supply Depot  
  49  31:00  Hellion  
  50  31:09  Marine  
  50  31:10  Starport  
  46  31:19  Refinery  
  46  31:22  Hellion, Supply Depot  
  46  31:23  Barracks Tech Lab, Armory  
  45  31:29  Ghost Academy  
  45  31:32  Engineering Bay  
  44  31:35  Factory Tech Lab  
  43  31:42  Marine  
  43  31:46  Barracks  
  42  31:47  Command Center  
  42  31:50  Hellion, Medivac, Supply Depot  
  44  32:00  Marine  
  42  32:02  Hellion  
  37  32:18  Marauder  
  37  32:20  SCV, Factory Tech Lab  
  37  32:21  Starport Tech Lab  
  40  32:25  Supply Depot  
  40  32:27  SCV  
  41  32:30  Factory  
  41  32:33  Marine  
  42  32:39  Medivac, Marine  
  45  32:51  Marine  
  45  32:52  Command Center  
  45  32:54  Starport  
  45  32:57  Marine  
  47  33:00  SCV  
  48  33:06  SCV  
  48  33:09  SCV, Raven  
  48  33:10  Barracks Tech Lab  
  52  33:14  Factory Tech Lab  
  52  33:15  Marine  
  45  33:31  Starport Tech Lab  
  45  33:33  Marine  
  37  33:35  SCV  
  37  33:36  Thor  
  37  33:38  SCV  
  41  33:42  SCV  
  41  33:45  Marine  
  41  33:47  SCV  
  44  33:49  Raven  
  44  33:50  SCV  
  44  33:51  Raven  
  44  33:53  Marine  
  48  34:01  Hellion  
  45  34:08  SCV  
  39  34:10  Marine  
  39  34:11  SCV  
  39  34:14  SCV  
  39  34:16  SCV  
  40  34:18  Marauder  
  40  34:23  SCV  
  42  34:27  SCV  
  42  34:28  Marauder  
  37  34:32  Hellion, Medivac  
  32  34:39  Hellion  
  32  34:45  SCV  
  30  34:47  Marauder  
  26  35:00  SCV  
  26  35:01  Marauder  
  26  35:03  SCV  
  22  35:07  SCV  
  22  35:08  Hellion  
  22  35:10  SCV  
  22  35:22  SCV  
  22  35:27  SCV  
  21  35:30  SCV  
  21  35:32  Barracks  
  22  35:36  SCV  
  22  35:37  Viking  
  25  35:45  Hellion  
  25  35:56  SCV  
  26  36:00  Armory  
  26  36:06  Hellion  
  26  36:07  Viking  
  28  36:13  Supply Depot  
  26  36:19  SCV  
  26  36:20  Barracks Tech Lab  
  26  36:23  SCV  
  28  36:25  SCV  
  28  36:27  Hellion  
  30  36:33  SCV  
  30  36:37  SCV  
  30  36:39  Marine  
  30  36:49  Hellion, SCV  
  33  36:55  SCV  
  33  36:58  Marauder  
  34  37:03  Supply Depot  
  34  37:05  Starport  
  34  37:17  Factory  
  34  37:19  Marauder  
  29  37:39  Barracks  
  29  37:40  Marauder  
  29  37:42  Viking  
  28  38:01  Marine  
  28  38:04  Hellion  
  31  38:07  Command Center  
  31  38:12  Viking  
  33  38:28  Factory Tech Lab, Command Center  
  33  38:32  Marine  
  34  38:40  Marine, Supply Depot  
  35  38:48  Thor  
  35  38:49  SCV  
  35  38:50  Marine  
  35  38:53  SCV  
  44  38:58  Reaper  
  44  39:02  SCV  
  44  39:05  SCV  
  44  39:07  Marine  
  41  39:21  Factory  
  37  39:25  Marine  
  37  39:30  Terran Vehicle Weapons Level 2, Medivac  
  37  39:31  Siege Tank  
  37  39:33  Marine, Starport, Orbital Command  
  41  39:43  Reaper  
  41  39:44  Ghost Academy  
  42  39:51  Marine, Engineering Bay  
  39  39:55  Refinery  
  39  39:58  Refinery  
  36  40:00  Medivac  
  37  40:09  Marine  
  38  40:15  Marine, Supply Depot  
  39  40:21  Terran Infantry Weapons Level 2  
  39  40:27  Marine  
  40  40:33  Ghost  
  42  40:38  Command Center  
  42  40:39  Refinery, SCV  
  42  40:40  Supply Depot, Factory Tech Lab  
  42  40:41  Starport Tech Lab  
  42  40:42  SCV  
  37  40:44  Marine  
  37  40:45  SCV  
  34  40:51  Viking  
  34  40:56  SCV  
  37  40:57  Siege Tank  
  37  40:59  SCV  
  37  41:00  Raven  
  37  41:02  Marine, SCV  
  37  41:04  Marine  
  43  41:08  SCV  
  44  41:11  Hellion  
  44  41:14  SCV  
  44  41:17  SCV  
  39  41:20  SCV, Marauder  
  39  41:21  Marine  
  38  41:25  Refinery  
  38  41:26  SCV  
  38  41:27  Starport Tech Lab  
  38  41:29  Hellion, SCV  
  34  41:39  Marine  
  35  41:41  Marine  
  35  41:45  Raven  
  27  41:56  SCV  
  27  41:59  Marine  
  27  42:00  Barracks Tech Lab  
  30  42:08  SCV  
  30  42:09  Barracks Tech Lab  
  29  42:20  Supply Depot  
  29  42:21  SCV  
  29  42:22  Factory  
  25  42:24  SCV  
  25  42:26  SCV  
  27  42:33  SCV  
  27  42:36  SCV  
  27  42:43  SCV  
  28  42:48  SCV  
  28  42:49  Barracks  
  28  42:50  SCV  
  30  42:55  SCV  
  31  43:00  SCV  
  31  43:03  SCV  
  32  43:06  Factory Tech Lab  
  32  43:07  Starport  
  32  43:13  Command Center  
  32  43:25  Hellion  
  29  43:36  Barracks Tech Lab, Orbital Command  
  28  43:46  Viking  
  30  43:54  Marine  
  31  44:12  Marine, Command Center  
  31  44:17  Starport Tech Lab  
  32  44:29  Marine  
  33  44:42  Command Center  
Show
View Real Time Build Order
Export as new Build Order

SI 3 (Średnio trudna) Zerg 

Build Orders: Pool First 

Get SALT Encoding   

  12  0:01  Drone  
  13  0:12  Overlord  
  13  0:17  Drone  
  14  0:30  Drone  
  14  0:33  Drone  
  16  0:43  Spawning Pool  
  16  0:45  Drone  
  17  0:50  Drone  
  17  0:52  Extractor  
  17  0:55  Drone  
  17  1:06  Overlord  
  17  1:31  Zergling x2, Queen  
  20  1:37  Roach Warren  
  20  1:38  Drone  
  20  1:39  Extractor  
  19  1:41  Zergling x2  
  20  1:49  Drone  
  21  2:00  Drone  
  22  2:10  Overlord  
  22  2:21  Roach  
  24  2:32  Roach  
  26  2:42  Roach, Overlord  
  28  2:48  Drone  
  29  2:51  Drone  
  29  2:58  Drone  
  31  3:08  Drone  
  31  3:10  Roach  
  31  3:11  Drone  
  35  3:14  Drone  
  36  3:20  Overlord  
  36  3:25  Baneling Nest  
  35  3:31  Roach  
  37  3:34  Evolution Chamber  
  36  3:42  Roach, Drone  
  36  3:45  Drone  
  40  5:11  Lair, Zergling x2, Drone, Overlord  
  40  5:13  Spore Crawler  
  41  5:14  Drone  
  41  5:16  Spore Crawler  
  41  5:17  Drone  
  41  5:18  Baneling  
  41  5:20  Drone, Hatchery  
  42  5:25  Zergling x2  
  43  5:33  Zergling x2  
  44  5:40  Zergling x2  
  45  5:47  Zergling x2, Baneling  
  46  5:51  Overlord  
  46  5:55  Zergling x2  
  46  6:01  Spine Crawler  
  46  6:03  Drone  
  41  6:06  Zergling x2  
  41  6:09  Overseer x2  
  40  6:12  Spire  
  40  6:15  Spine Crawler, Drone  
  34  6:18  Drone  
  34  6:28  Queen  
  36  6:33  Drone  
  36  6:36  Drone  
  36  6:39  Drone  
  39  6:42  Drone  
  39  6:45  Drone  
  41  6:48  Drone  
  41  6:50  Drone  
  41  6:53  Drone  
  44  6:56  Drone  
  44  6:59  Drone  
  46  7:02  Drone  
  46  7:05  Drone  
  46  7:08  Drone  
  49  7:10  Drone  
  49  7:11  Spore Crawler  
  49  7:15  Drone  
  50  7:17  Spore Crawler  
  50  7:20  Queen  
  51  7:23  Mutalisk  
  51  7:29  Hydralisk Den  
  52  7:30  Mutalisk  
  52  7:31  Infestation Pit  
  52  7:35  Evolution Chamber, Drone  
  51  7:38  Zergling x2  
  47  7:45  Zergling x2  
  48  7:52  Zergling x2  
  48  7:55  Spine Crawler  
  48  7:57  Spine Crawler  
  47  7:59  Drone  
  47  8:00  Zergling x2  
  49  8:07  Zergling x2  
  49  8:14  Zergling x2  
  48  8:21  Mutalisk  
  48  8:23  Extractor  
  48  8:27  Extractor, Drone  
  48  8:29  Zergling x2  
  48  8:36  Zergling x2  
  49  8:43  Zergling x2  
  49  8:45  Drone  
  49  8:48  Drone  
  52  8:50  Mutalisk  
  52  8:51  Drone  
  52  8:54  Drone  
  56  8:57  Drone  
  56  8:58  Zergling x2  
  56  8:59  Drone  
  56  9:04  Mutalisk  
  57  9:12  Zergling x2  
  58  9:19  Zergling x2  
  58  9:27  Zergling x2  
  58  9:30  Pneumatized Carapace  
  58  9:31  Overseer, Overlord x2  
  59  9:32  Zerg Melee Weapons Level 1, Zerg Ground Armor Level 1  
  59  9:40  Zergling x2, Baneling x2  
  59  9:42  Hatchery  
  59  9:53  Zergling x2  
  59  9:58  Metabolic Boost  
  58  10:06  Zergling x2  
  58  10:08  Burrow  
  58  10:19  Corruptor  
  58  10:20  Hive  
  60  10:32  Infestor  
  62  10:45  Corruptor  
  64  10:54  Drone  
  64  10:55  Queen  
  67  10:57  Drone  
  67  10:58  Infestor  
  67  11:00  Drone  
  67  11:03  Drone  
  72  11:06  Drone  
  72  11:08  Extractor  
  72  11:09  Drone  
  72  11:10  Spore Crawler  
  72  11:11  Spore Crawler  
  72  11:12  Drone  
  72  11:13  Extractor  
  72  11:15  Drone  
  72  11:17  Drone  
  73  11:20  Drone  
  73  11:23  Drone  
  75  11:26  Drone, Zerg Missile Weapons Level 1  
  75  11:29  Drone  
  75  11:32  Greater Spire, Drone  
  78  11:35  Drone  
  78  11:36  Ultralisk Cavern  
  78  11:38  Drone  
  78  11:39  Spine Crawler  
  78  11:41  Spine Crawler, Drone  
  78  11:44  Drone  
  78  11:46  Drone  
  80  11:49  Drone  
  80  11:53  Drone  
  82  11:55  Overlord  
  82  11:56  Drone  
  83  12:43  Brood Lord, Corruptor  
  87  12:47  Spire  
  87  12:49  Drone  
  87  12:56  Brood Lord, Corruptor  
  91  13:17  Roach  
  91  13:18  Overlord, Zerg Melee Weapons Level 2  
  93  13:20  Zerg Ground Armor Level 2  
  93  13:21  Roach  
  93  13:24  Roach  
  93  13:26  Hatchery  
  96  13:27  Hydralisk  
  96  13:32  Roach  
  100  13:35  Roach  
  100  13:37  Overlord  
  100  13:39  Roach  
  104  13:42  Hydralisk  
  104  13:47  Roach  
  108  13:51  Roach  
  108  13:54  Roach  
  111  13:56  Zerg Flyer Weapons Level 1  
  111  13:58  Overlord  
  111  13:59  Roach  
  109  14:02  Roach  
  109  14:06  Zergling x2  
  112  14:10  Roach  
  112  14:13  Infestor  
  112  14:16  Infestor  
  116  14:17  Overlord  
  116  14:20  Hydralisk  
  116  14:24  Infestor  
  116  14:27  Infestor  
  116  14:31  Hydralisk  
  120  14:36  Overlord  
  120  14:38  Muscular Augments  
  122  14:40  Drone  
  122  14:41  Queen  
  121  14:55  Zerg Flyer Armor Level 1  
  115  15:07  Extractor  
  115  15:08  Drone  
  115  15:10  Spore Crawler  
  115  15:11  Drone  
  115  15:13  Spore Crawler  
  110  15:14  Drone  
  110  15:15  Extractor  
  110  15:17  Drone  
  111  15:26  Overseer  
  107  15:33  Zerg Missile Weapons Level 2  
  107  15:36  Zerg Melee Weapons Level 3  
  107  15:38  Spine Crawler  
  107  15:39  Drone  
  107  15:44  Spine Crawler  
  107  15:45  Drone  
  107  15:51  Zerg Flyer Weapons Level 2  
  107  16:42  Ultralisk, Overlord  
  113  16:49  Zerg Flyer Armor Level 2  
  113  16:51  Ultralisk  
  119  17:00  Overlord  
  119  17:01  Ultralisk  
  125  17:10  Ultralisk  
  131  17:19  Ultralisk, Overlord  
  137  17:29  Ultralisk  
  143  17:37  Overlord  
  143  17:50  Zerg Ground Armor Level 3  
  143  17:51  Zergling x2  
  143  17:55  Overlord  
  137  18:00  Hydralisk  
  137  18:09  Hydralisk  
  137  18:14  Zerg Missile Weapons Level 3  
  137  18:19  Hydralisk  
  137  18:22  Hatchery  
  138  18:28  Hydralisk  
  140  19:34  Queen, Drone  
  143  19:40  Extractor  
  143  19:42  Drone  
  143  19:43  Spore Crawler  
  143  19:44  Spore Crawler  
  143  19:45  Drone  
  142  19:47  Extractor, Drone  
  142  19:50  Drone, Spore Crawler  
  142  19:53  Drone  
  143  20:09  Spine Crawler  
  143  20:10  Spine Crawler, Drone  
  143  20:13  Drone  
  143  20:36  Mutalisk  
  143  20:37  Viper  
  143  20:38  Viper  
  143  20:39  Overlord  
  143  20:40  Zerg Flyer Weapons Level 3, Zerg Flyer Armor Level 3  
  151  20:44  Roach  
  151  20:45  Corruptor  
  145  20:54  Mutalisk  
  135  21:01  Overlord  
  135  21:03  Roach, Mutalisk  
  134  21:07  Roach  
  120  21:12  Corruptor  
  122  21:20  Overlord  
  122  21:21  Brood Lord, Corruptor  
  122  21:24  Overseer  
  122  21:25  Overseer  
  86  21:45  Corruptor  
  86  21:46  Brood Lord  
  90  21:54  Corruptor  
  90  21:55  Brood Lord  
  94  22:25  Mutalisk  
  90  22:34  Mutalisk  
  90  22:43  Mutalisk  
  90  22:44  Viper  
  90  22:45  Viper  
  90  22:51  Corruptor  
  90  22:56  Drone  
  90  23:00  Corruptor  
  88  23:08  Mutalisk  
  88  23:09  Drone  
  80  23:17  Mutalisk  
  82  23:26  Mutalisk  
  82  23:36  Viper  
  82  23:42  Brood Lord, Corruptor  
  86  23:51  Brood Lord, Queen, Corruptor  
  86  23:52  Queen  
  90  24:08  Zergling x2  
  90  24:10  Zergling x2  
  90  24:12  Zergling x2  
  90  24:13  Drone  
  90  24:15  Zergling x2  
  94  24:17  Zergling x2  
  94  24:19  Zergling x2  
  94  24:21  Mutalisk  
  98  24:24  Zergling x2  
  98  24:25  Hatchery  
  98  24:26  Zergling x2  
  98  24:29  Zergling x2  
  98  24:31  Zergling x2  
  101  24:33  Zergling x2  
  101  24:36  Zergling x2, Queen  
  101  24:39  Mutalisk  
  101  24:41  Mutalisk  
  101  24:43  Mutalisk  
  101  24:45  Mutalisk  
  103  24:47  Mutalisk  
  103  24:48  Queen  
  103  24:50  Mutalisk  
  103  24:52  Mutalisk  
  111  24:57  Mutalisk  
  111  24:58  Viper  
  103  25:00  Zergling x2  
  103  25:02  Zergling x2  
  103  25:04  Zergling x2  
  103  25:06  Zergling x2  
  99  25:09  Zergling x2  
  99  25:11  Zergling x2  
  99  25:13  Zergling x2  
  96  25:15  Zergling x2, Queen  
  96  25:18  Zergling x2  
  96  25:19  Mutalisk  
  90  25:22  Mutalisk  
  90  25:24  Mutalisk  
  90  25:26  Mutalisk  
  90  25:29  Viper, Mutalisk  
  90  25:31  Mutalisk  
  90  25:34  Zergling x2  
  90  25:36  Zergling x2  
  90  25:39  Zergling x2, Drone  
  90  25:40  Queen  
  90  25:41  Zergling x2  
  94  25:43  Mutalisk, Queen  
  94  25:45  Zergling x2, Overlord  
  94  25:47  Mutalisk  
  98  25:50  Zergling x2  
  98  25:52  Zergling x2  
  94  25:59  Zergling x2, Overseer  
  94  26:00  Mutalisk  
  94  26:03  Lair, Extractor  
  94  26:04  Zergling x2, Overlord  
  82  26:06  Spore Crawler  
  82  26:10  Spore Crawler  
  71  26:12  Extractor  
  71  26:13  Overlord  
  71  26:18  Overlord  
  67  26:21  Baneling x2  
  61  26:35  Overlord x2  
  61  26:40  Overlord  
  60  26:51  Spawning Pool  
  59  26:58  Overlord  
  59  27:06  Overlord  
  59  27:07  Evolution Chamber  
  58  27:13  Overlord  
  58  27:33  Overlord  
  58  27:35  Spire  
  57  27:41  Overlord  
  57  27:44  Overlord  
  57  27:55  Hydralisk Den, Overlord  
  56  28:05  Overlord  
  56  28:07  Overlord x2  
  56  28:13  Evolution Chamber, Overseer  
  55  28:23  Overseer  
  55  28:27  Overlord  
  55  28:29  Spawning Pool  
  54  28:39  Hydralisk Den, Overlord  
  53  28:53  Evolution Chamber  
  52  28:59  Overlord  
  52  29:01  Spire  
  51  29:04  Spawning Pool  
  50  29:18  Overlord  
  50  29:19  Infestation Pit  
  49  29:32  Overseer  
  49  29:36  Overlord  
  49  29:45  Hatchery  
  49  29:51  Zergling x2  
  49  29:54  Zergling x2  
  49  29:55  Spine Crawler  
  49  29:58  Spine Crawler, Zergling x2, Overlord, Drone  
  50  30:01  Zergling x2, Drone  
  50  30:04  Zergling x2, Drone  
  50  30:06  Roach Warren, Zergling x2  
  50  30:07  Drone  
  55  30:08  Zergling x2  
  55  30:10  Zergling x2, Drone  
  55  30:12  Drone  
  55  30:13  Zergling x2, Baneling Nest  
  59  30:14  Hive  
  59  30:15  Zergling x2, Drone  
  59  30:17  Mutalisk  
  59  30:18  Drone  
  59  30:19  Mutalisk, Overlord  
  66  30:21  Drone  
  66  30:22  Zergling x2  
  66  30:24  Zergling x2, Drone  
  66  30:26  Mutalisk  
  72  30:28  Mutalisk, Drone  
  72  30:31  Mutalisk  
  72  30:33  Zergling x2  
  77  30:36  Mutalisk  
  77  30:39  Zergling x2  
  74  30:42  Zergling x2  
  74  30:45  Zergling x2  
  74  30:47  Zergling x2  
  74  30:49  Zergling x2  
  76  30:50  Overlord  
  76  30:52  Zergling x2  
  74  31:01  Zergling x2  
  74  31:04  Extractor  
  71  31:07  Spore Crawler  
  71  31:08  Spore Crawler  
  71  31:09  Extractor, Overlord  
  71  31:11  Zergling x2  
  69  31:20  Zergling x2  
  63  31:28  Greater Spire, Overlord  
  63  31:29  Hydralisk, Queen, Drone  
  63  31:31  Drone  
  64  31:34  Ultralisk Cavern  
  64  31:35  Drone  
  64  31:37  Spine Crawler  
  64  31:38  Drone  
  64  31:39  Hydralisk  
  65  31:40  Spine Crawler  
  65  31:41  Drone  
  65  31:44  Drone  
  65  31:47  Drone, Overlord  
  66  31:49  Hydralisk  
  66  31:50  Drone  
  66  31:53  Drone  
  71  31:56  Drone  
  71  31:58  Hydralisk  
  71  31:59  Drone  
  75  32:02  Drone  
  75  32:05  Overlord  
  75  32:06  Drone  
  75  32:09  Drone  
  75  32:12  Hydralisk, Drone  
  75  32:15  Drone  
  77  32:21  Hydralisk  
  73  32:30  Hydralisk  
  75  32:41  Ultralisk  
  79  32:44  Spire  
  79  32:45  Queen, Drone  
  79  32:46  Queen  
  79  32:50  Hydralisk, Overseer  
  79  32:51  Drone  
  76  32:54  Queen, Overseer, Overlord  
  76  32:56  Drone  
  76  32:59  Hydralisk, Drone x2  
  76  33:09  Zergling x2  
  76  33:10  Baneling Nest  
  76  33:13  Overlord, Drone  
  76  33:16  Zergling x2, Drone  
  76  33:24  Roach  
  76  33:26  Drone x2  
  78  33:30  Mutalisk  
  78  33:32  Overlord  
  71  33:36  Ultralisk Cavern  
  71  33:37  Drone  
  71  33:38  Zergling x2  
  72  33:47  Hydralisk  
  74  33:53  Spire  
  73  33:56  Drone  
  73  33:57  Hydralisk  
  74  34:07  Hydralisk  
  72  34:10  Drone  
  72  34:16  Hydralisk  
  70  34:24  Overlord  
  72  34:27  Spire, Ultralisk  
  72  34:29  Drone  
  76  34:33  Drone  
  76  34:35  Spawning Pool  
  76  34:36  Drone, Ultralisk  
  80  34:42  Mutalisk  
  80  34:43  Overlord  
  82  34:50  Mutalisk  
  81  34:57  Mutalisk, Queen  
  81  35:02  Overlord  
  81  35:05  Overseer  
  81  35:06  Hydralisk  
  83  35:11  Queen  
  83  35:15  Ultralisk  
  87  35:22  Overlord  
  87  35:24  Ultralisk  
  87  35:33  Ultralisk  
  91  35:39  Mutalisk  
  91  35:42  Overlord  
  87  35:44  Ultralisk  
  87  35:48  Roach Warren, Hydralisk, Queen  
  82  35:56  Hydralisk  
  82  36:01  Overlord  
  82  36:04  Hydralisk  
  79  36:11  Zergling x2  
  79  36:13  Hatchery  
  74  36:18  Mutalisk  
  74  36:21  Overlord  
  68  36:25  Hydralisk  
  68  36:33  Zergling x2  
  69  36:40  Mutalisk, Overlord  
  69  36:44  Greater Spire  
  71  36:47  Hydralisk, Spore Crawler  
  72  36:55  Zergling x2  
  72  36:59  Overlord  
  72  37:02  Roach  
  64  37:12  Corruptor  
  61  37:19  Hydralisk  
  60  37:27  Roach  
  60  37:28  Queen  
  62  37:34  Mutalisk  
  62  37:41  Hydralisk  
  62  37:43  Drone  
  64  37:48  Hydralisk  
  62  37:56  Roach  
  64  38:03  Mutalisk  
  66  38:09  Extractor  
  66  38:10  Hydralisk, Hatchery  
  63  38:18  Roach  
  61  38:24  Mutalisk  
  60  38:29  Drone  
  60  38:32  Hydralisk, Drone  
  58  38:35  Drone  
  58  38:37  Overlord, Drone  
  58  38:38  Drone  
  58  38:39  Roach  
  58  38:41  Drone x2  
  59  38:44  Drone x2  
  59  38:46  Mutalisk  
  60  38:48  Drone  
  60  38:50  Drone  
  60  38:53  Hydralisk  
  58  39:00  Hatchery  
  58  39:01  Zergling x2  
  58  39:07  Drone  
  58  39:08  Roach, Drone  
  53  39:10  Extractor  
  53  39:15  Mutalisk, Drone  
  50  39:22  Hydralisk, Drone  
  49  39:24  Queen  
  49  39:25  Drone  
  49  39:28  Drone  
  41  39:44  Spore Crawler  
Tags
 
Add a new tag
Caveats
  • Supply blocks, unpowered buildings, or Contaminate may cause inaccurate times.
  • Supply counts are checked every 10 seconds.